 Dungeon Crawl Stone Soup version 0.31.0-11-ge490571c62 (webtiles) character file.

Game seed: 8162215385759165113

2047 puppykicker the Slicer (level 9, -6/49 HPs)
             Began as a Deep Elf Gladiator on Jan 27, 2024.
             Killed by divine providence
             ... invoked by Jeremiah
              (12 damage)
             ... on level 7 of the Dungeon.
             The game lasted 00:15:19 (5041 turns).

puppykicker the Slicer (Deep Elf Gladiator)         Turns: 5041, Time: 00:15:19

Health: -6/49      AC:  7    Str: 11    XL:     9   Next: 4%
Magic:  15/15      EV: 13    Int: 18    God:
Gold:   241        SH:  0    Dex: 16    Spells: 14/14 levels left

rFire   . . .        a - +2 rapier (elec)
rCold   . . .        (no shield)
rNeg    . . .        p - +2 leather armour {rPois} {rPois}
rPois   +            c - +0 helmet
rElec   .            s - scarf {shadows}
rCorr   .            (no gloves)
SInv    .            u - +0 pair of boots
Will    .....        (no amulet)
Stlth   ++           x - ring of flight
HPRegen 0.28/turn    (no ring)
MPRegen 0.14/turn

%: no passive effects
@: flying
A: no striking features
a: no special abilities


You were on level 7 of the Dungeon.
You visited 1 branch of the dungeon, and saw 7 of its levels.
You also visited: Ossuary.

You collected 241 gold pieces.

Inventory:

Hand Weapons
 a - a +2 rapier of electrocution (weapon)
 b - a +2 sling of electrocution
Missiles
 d - 3 throwing nets
 o - 14 poisoned darts
 G - 5 javelins (quivered)
Armour
 c - a +0 helmet (worn)
 p - a +2 leather armour of poison resistance (worn) {rPois}
 s - a scarf of shadows (worn)
 u - a +0 pair of boots (worn)
Jewellery
 x - a ring of flight (left hand)
Wands
 n - a wand of light (13)
 C - a wand of mindburst (11)
 D - a wand of iceblast (11)
 E - a wand of polymorph (14)
 H - a wand of flame (21)
Scrolls
 e - a scroll of fear
 f - 2 scrolls of fog
 g - 3 scrolls of amnesia
 k - 2 scrolls of torment {!r}
 l - a scroll of butterflies
 q - a scroll of enchant weapon
 t - 3 scrolls of teleportation
 y - 3 scrolls of enchant armour
 A - a scroll of revelation
Potions
 h - a potion of curing
 i - a potion of might
 j - a potion of cancellation {unknown}
 m - a potion of lignification {!q}
 r - a potion of brilliance {unknown}
 v - a potion of ambrosia {unknown}
 w - 2 potions of enlightenment {unknown}
 z - a potion of resistance {unknown}
 B - 2 potions of mutation {unknown}


   Skills:
 + Level 2.7 Fighting
 + Level 10.3 Short Blades
 - Level 2.0 Throwing
 + Level 1.9 Armour
 + Level 4.8 Dodging
 + Level 3.1 Stealth
 + Level 3.2 Spellcasting
 + Level 2.6 Evocations


You had 14 spell levels left.
You didn't know any spells.
Your spell library contained the following spells:

 Spells                   Type           Power      Damage    Failure   Level
 Call Imp                 Summ           4%         N/A       32%         2
 Sublimation of Blood     Necr           2%         N/A       32%         2
 Summon Hydra             Summ           1%         N/A       100%        7


Dungeon Overview and Level Annotations

Branches:
Dungeon (7/15)            Ossuary (visited)
 Temple: D:4-7

Altars:
Makhleb
Yredelemnul

Shops:
D:1 [   D:2 =   D:5 :((

Annotations:
D:7 Jeremiah


Message History

You hit the centaur.
The centaur is lightly wounded.
The centaur shoots an arrow.
The arrow hits you. The centaur closely misses you. x2
Jeremiah, Barachi Dreamer comes into view.
They are wielding a +4 trident of draining and wearing an orb of guile.
You take 5 damage, and have 33/49 hp.
You puncture the centaur!
The centaur is heavily wounded.
The centaur barely misses you.
The centaur kicks you but does no damage.
You hit the centaur.
The centaur is severely wounded.
The centaur unwields a +0 orcbow.
The centaur hits you. The centaur closely misses you. The centaur hits you.
The centaur kicks you but does no damage.
You take 9 damage, and have 25/49 hp.
You hit the centaur. Lightning courses through the centaur!
You kill the centaur!
The centaur barely misses you.
The centaur kicks you but does no damage.
Jeremiah lets out a twisted cry.
Something smites you!
* * * LOW HITPOINT WARNING * * *
You take 16 damage, and have 9/49 hp.
MASSIVE DAMAGE!!
Unknown command.
You puncture the centaur!
The centaur is moderately wounded.
The centaur hits you.
* * * LOW HITPOINT WARNING * * *
The centaur misses you.
You take 3 damage, and have 6/49 hp.
You puncture the centaur!
The centaur is severely wounded.
The centaur closely misses you.
The centaur kicks you but does no damage.
Jeremiah mumbles a slurred invocation.
Something smites you!
You die...
Jeremiah asks, "What happened?
Did... did you die?"

#.........#
#.###.#
#####....##
#.<##.# ####.#
#....<# ##.#
#..####
#.####..## #..#
#........###..#
#..##.##..##..#
# #...##.##..#
#.##@.#.##..#
#....c)..bb..
#.#..##b#.#F#
#.##. ##.b.# #
# ..###


You could see Jeremiah and a centaur.

Levels and vault maps discovered:
D:1:      onia_arrival_zoo_common, layout_rooms, serial_shops, shop
D:2:      layout_basic, hellmonk_ecumenical_altar_inner_sanctum,
          dk_noncrumbling_3, nicolae_shop_unique_rings, uniq_robin
D:3:      layout_basic, mainiacjoe_overflow_big_doors
D:4:      layout_basic, minmay_temple_entry_poolview
D:5:      layout_gridville, serial_shops, nicolae_shop_tiny_waterfront, shop,
          shop, water_maze_lemuel
D:6:      cheibrodos_thug_alley, layout_basic,
          mainiacjoe_ossuary_entry_dusty_tomb, uniq_pikel
D:7:      layout_loops_ring, minmay_manual_mares, uniq_jeremiah, uniq_maurice

Notes
Turn   | Place    | Note
-------+----------+-------------------------------------------
     0 | D:1      | puppykicker the Deep Elf Gladiator began the quest for the
                  | Orb.
     0 | D:1      | Reached XP level 1. HP: 12/12 MP: 3/3
     6 | D:1      | Noticed a hog
     6 | D:1      | Noticed a lindwurm
     6 | D:1      | Noticed a polar bear
     7 | D:1      | Noticed a crocodile
     7 | D:1      | Noticed an anaconda
    39 | D:1      | Identified a +0 club
    71 | D:1      | Identified a +0 club
    89 | D:1      | Identified a +0 club
    89 | D:1      | Identified a +0 ring mail
    99 | D:1      | Reached XP level 2. HP: 9/16 MP: 4/4
   160 | D:1      | Identified a +0 whip
   205 | D:1      | Identified a +2 leather armour of poison resistance
   227 | D:1      | Identified a +0 short sword
   302 | D:1      | Reached skill level 4 in Short Blades
   302 | D:1      | Found Venatej's Antique Armour Shoppe.
   319 | D:1      | Identified a +0 whip
   343 | D:1      | Reached XP level 3. HP: 10/20 MP: 5/5
   418 | D:1      | Identified a +0 mace
   427 | D:1      | Identified a +0 dagger
   585 | D:1      | Identified a +0 short sword
   658 | D:2      | Identified a +0 club
   658 | D:2      | Identified a +0 animal skin
   658 | D:2      | Identified a +0 helmet
   658 | D:2      | Noticed Robin
   658 | D:2      | Identified a +0 dagger
   658 | D:2      | Identified a +0 sling
   658 | D:2      | Identified a +0 club
   658 | D:2      | Identified a +0 dagger
   658 | D:2      | Identified a +0 dagger
   660 | D:2      | Identified a +0 dagger
   660 | D:2      | Identified a +0 dagger
   661 | D:2      | Identified a +0 dagger
   663 | D:2      | Identified a +0 dagger
   664 | D:2      | Identified a +0 club
   716 | D:2      | Killed Robin
   785 | D:2      | Identified a +0 club
   840 | D:2      | Reached skill level 5 in Short Blades
   840 | D:2      | Reached XP level 4. HP: 17/25 MP: 6/6
   893 | D:2      | Identified an orb of wrath
   900 | D:2      | Identified a +0 dagger
  1207 | D:2      | Found a faded altar of an unknown god.
  1262 | D:2      | Identified a +0 club
  1295 | D:2      | Found Metesma's One-of-a-Kind Rings.
  1299 | D:2      | Identified a +0 cloak
  1328 | D:2      | Identified a +0 dagger
  1393 | D:2      | Identified a +0 sling
  1418 | D:3      | Identified a scarf of shadows
  1433 | D:3      | Identified a +0 pair of boots
  1583 | D:3      | Identified a +0 leather armour
  1693 | D:3      | HP: 6/25 [burnt (5)]
  1796 | D:3      | Identified a +0 dagger
  1809 | D:3      | Found a burning altar of Makhleb.
  1817 | D:3      | Identified a ring of flight
  1824 | D:3      | Found a basalt altar of Yredelemnul.
  1865 | D:3      | Noticed an ice beast
  1873 | D:3      | Killed an ice beast
  1874 | D:3      | Reached skill level 6 in Short Blades
  1874 | D:3      | Reached XP level 5. HP: 29/29 MP: 7/7
  1950 | D:3      | Identified a +0 chain mail
  2069 | D:3      | Identified a +2 sling of electrocution
  2199 | D:3      | Identified a +0 rapier
  2311 | D:4      | Identified a +0 giant club
  2311 | D:4      | Noticed an ogre
  2313 | D:4      | Killed an ogre
  2314 | D:4      | Reached skill level 7 in Short Blades
  2314 | D:4      | Reached XP level 6. HP: 34/34 MP: 8/8
  2374 | D:4      | Identified a +0 club
  2429 | D:4      | You are sucked into a shaft and drop 1 floor!
  2429 | D:5      | Entered Level 5 of the Dungeon
  2434 | D:5      | Found Jexzeih's Book Shop.
  2452 | D:5      | Found Luguapta's Antique Weapon Boutique.
  2466 | D:5      | Noticed a water moccasin
  2478 | D:5      | Identified a potion of might
  2483 | D:5      | Killed a water moccasin
  2684 | D:5      | Found Cosez's Antique Weapon Boutique.
  2708 | D:5      | Reached skill level 8 in Short Blades
  2738 | D:5      | Identified 7 scrolls of identify
  2738 | D:5      | Identified a scroll of enchant armour
  2739 | D:5      | Identified a scroll of butterflies
  2740 | D:5      | Identified a scroll of amnesia
  2741 | D:5      | Identified 2 scrolls of enchant weapon
  2742 | D:5      | Identified a scroll of revelation
  2743 | D:5      | Identified 2 scrolls of fog
  2744 | D:5      | Identified a scroll of teleportation
  2828 | D:5      | Identified a scarf of shadows
  2927 | D:5      | HP: 8/34 [black bear (2)]
  2929 | D:5      | Reached XP level 7. HP: 9/38 MP: 9/9
  3196 | D:5      | Identified a +2 hand axe of flaming
  3322 | D:5      | Identified 3 scrolls of brand weapon
  3323 | D:5      | Identified a scroll of torment
  3331 | D:5      | Identified a +0 dagger
  3455 | D:5      | Identified 2 potions of curing
  3697 | D:6      | Reached skill level 9 in Short Blades
  3716 | D:6      | Identified a +2 whip of freezing
  3716 | D:6      | Identified a +0 robe
  3716 | D:6      | Noticed Pikel
  3721 | D:6      | Killed Pikel
  3722 | D:6      | Reached skill level 10 in Short Blades
  3722 | D:6      | Reached skill level 1 in Stealth
  3722 | D:6      | Reached skill level 1 in Spellcasting
  3722 | D:6      | Reached skill level 1 in Evocations
  3722 | D:6      | Reached XP level 8. HP: 37/44 MP: 9/11
  3750 | D:6      | Reached skill level 4 in Dodging
  3775 | D:6      | Identified a +0 battleaxe
  3815 | D:6      | Found a sand-covered staircase.
  3823 | Ossuary  | Entered an ossuary
  3912 | Ossuary  | Reached skill level 2 in Fighting
  3974 | Ossuary  | Identified a +3 spear
  3974 | Ossuary  | Identified a +0 robe
  3986 | Ossuary  | Identified a +0 long sword
  3986 | Ossuary  | Identified a +0 robe
  3990 | Ossuary  | Identified a +0 dagger
  3990 | Ossuary  | Identified a +0 robe
  3991 | Ossuary  | Identified a +0 flail
  3991 | Ossuary  | Identified a +0 robe
  4002 | Ossuary  | Reached skill level 1 in Armour
  4011 | Ossuary  | Identified a +0 dagger
  4011 | Ossuary  | Identified a +0 robe
  4021 | Ossuary  | Reached skill level 2 in Stealth
  4021 | Ossuary  | Reached skill level 2 in Spellcasting
  4251 | D:6      | Identified 2 scrolls of noise
  4252 | D:6      | Identified a scroll of fear
  4289 | D:6      | Identified a +0 flail
  4290 | D:6      | Identified a +0 plate armour
  4299 | D:6      | Identified a +0 leather armour
  4318 | D:6      | Identified a potion of attraction
  4329 | D:6      | Identified a +0 hand axe
  4329 | D:6      | Identified a +0 scale mail
  4329 | D:6      | Identified a +0 mace
  4329 | D:6      | Identified a +0 leather armour
  4331 | D:6      | Identified a +0 short sword of draining
  4331 | D:6      | Identified a +0 club
  4331 | D:6      | Identified a +0 flail
  4331 | D:6      | Identified a +0 leather armour
  4350 | D:6      | Reached skill level 2 in Evocations
  4522 | D:6      | Identified a +0 giant club
  4609 | D:6      | Identified a +0 club
  4611 | D:6      | Identified a +0 club
  4611 | D:6      | Identified a +0 club
  4620 | D:6      | Identified a +0 club
  4655 | D:6      | Identified a +0 club
  4656 | D:6      | Identified a +0 club
  4658 | D:6      | Identified a +0 dagger
  4664 | D:6      | Identified a +0 club
  4664 | D:6      | Identified a +0 falchion
  4668 | D:6      | Identified a +0 club
  4671 | D:6      | HP: 11/45 [kobold brigand/iceblast (15)]
  4676 | D:6      | HP: 7/45 [kobold/+0 club (1)]
  4677 | D:6      | HP: 3/45 [kobold/+0 club (2)]
  4678 | D:6      | Identified 2 potions of lignification
  4682 | D:6      | Reached skill level 3 in Spellcasting
  4704 | D:6      | Identified a +0 helmet
  4989 | D:7      | Identified a +0 ring mail
  5015 | D:7      | Reached skill level 3 in Stealth
  5015 | D:7      | Reached XP level 9. HP: 49/49 MP: 15/15
  5032 | D:7      | Identified a +0 orcbow
  5035 | D:7      | Identified a +0 orcbow
  5036 | D:7      | Identified a +4 trident of draining
  5036 | D:7      | Identified a +0 robe
  5036 | D:7      | Identified an orb of guile
  5036 | D:7      | Noticed Jeremiah
  5039 | D:7      | HP: 9/49 [Jeremiah/divine providence (16)]
  5041 | D:7      | Killed from afar by Jeremiah

Table legend: (Time is in decaauts)
 A = Elapsed time spent in this place.
 B = Non-inter-level travel time spent in this place.
 C = Inter-level travel time spent in this place.
 D = Time resting spent in this place.
 E = Time spent auto-exploring this place.
 F = Levels seen in this place.
 G = Mean time per level.
                   A        B        C        D        E       F      G
               +--------+--------+--------+--------+--------+-----+--------+
         Total |   5029 |   4925 |    104 |   1076 |   2757 |   8 |  628.6 |
       Dungeon |   4630 |   4526 |    104 |    996 |   2512 |   7 |  661.4 |
       Ossuary |    399 |    399 |      0 |     80 |    245 |   1 |  399.0 |
               +--------+--------+--------+--------+--------+-----+--------+

Top non-repeatable levels by time:
     D:5: 1247 daAuts
     D:6: 884 daAuts
     D:3: 873 daAuts
     D:2: 728 daAuts
     D:1: 690 daAuts
 Ossuary: 399 daAuts
     D:4: 140 daAuts
     D:7: 64 daAuts

Table legend:
 A = Kills in this place as a percentage of kills in the entire game.
 B = Kills by you in this place as a percentage of kills by you in the entire game.
 C = Kills by friends in this place as a percentage of kills by friends in the entire game.
 D = Other kills in this place as a percentage of other kills in the entire game.
 E = Experience gained in this place as a percentage of experience gained in the entire game.
 F = Experience gained in this place divided by the number of levels of this place that you have seen.
                   A       B       C       D       E      F
               +-------+-------+-------+-------+-------+----------------------
         Total | 100.0 | 100.0 |   N/A |   N/A | 100.0 | 365.6
       Dungeon |  89.2 |  89.2 |   N/A |   N/A |  88.2 | 368.4
       Ossuary |  10.8 |  10.8 |   N/A |   N/A |  11.8 | 346.0
               +-------+-------+-------+-------+-------+----------------------

Skill      XL: |  1  2  3  4  5  6  7  8 |
---------------+-------------------------+-----
Short Blades   | 4 5 6 7 8 10 | 10.3
Stealth        | 1 3 |  3.1
Spellcasting   | 1 3 |  3.2
Evocations     | 1 2 |  2.6
Dodging        | 4 |  4.8
Fighting       | 2 |  2.7
Armour         | 1 |  1.9
Throwing       | |  2.0

Action                     |  1- 3 |  4- 6 |  7- 9 || total
---------------------------+-------+-------+-------++-------
  Melee: Rapier            |   135 |    89 |   125 ||   349
         Punch             |     1 |     1 |     2 ||     4
   Fire: Sling             |       |    47 |    41 ||    88
  Throw: Javelin           |     7 |       |       ||     7
         Dart              |       |     5 |       ||     5
  Evoke: Wand              |       |     6 |     5 ||    11
    Use: Scroll            |       |     7 |    11 ||    18
         Potion            |       |     1 |     3 ||     4
   Stab: Sleeping          |     1 |     1 |     1 ||     3
         Invisible         |       |     1 |       ||     1
         Distracted        |       |       |     1 ||     1
 Armour: Leather armour    |    83 |    69 |    66 ||   218
         Skin              |       |       |     5 ||     5
  Dodge: Dodged            |    87 |   100 |    78 ||   265

Vanquished Creatures
  Pikel (D:6)
  A water moccasin (D:5)
  A black bear (D:5)
  2 ice beasts
  A centaur (D:7)
  2 ogres
  A phantom (D:6)
  A kobold brigand (D:6)
  2 burial acolytes (Ossuary)
  2 wights (Ossuary)
  2 howler monkeys
  A bombardier beetle (D:3)
  An orc priest (D:6)
  A hound (D:5)
  A centaur skeleton (Ossuary)
  3 jellies
  2 iguanas (D:5)
  4 sleepcaps
  Robin (D:2)
  6 adders
  2 ufetubi (D:6)
  2 adder skeletons (Ossuary)
  A ribbon worm (D:2)
  4 orcs (D:6)
  3 ball pythons
  8 bats
  2 endoplasms
  6 giant cockroaches
  15 goblins
  9 hobgoblins
  9 jackals
  14 kobolds
  2 quokkas (D:3)
  2 ball python skeletons (Ossuary)
  4 frilled lizards
  3 hobgoblin skeletons (Ossuary)
  2 kobold skeletons (Ossuary)
  6 rats
130 creatures vanquished.
